 Dungeon Crawl Stone Soup version 0.29-a0-551-gffc1d7fb78 (webtiles) character file.

Game seed: 17739037912811437206

852 Armakuni the Slasher (level 8, -1/69 HPs)
             Began as a Meteoran Wanderer on June 5, 2022.
             Slain by a hound (3 damage)
             ... on level 5 of the Dungeon.
             The game lasted 00:08:49 (2901 turns).

Armakuni the Slasher (Meteoran Wanderer)            Turns: 2901, Time: 00:08:50

Health: -1/69      AC:  8    Str: 15    XL:     8   Next: 45%
Magic:  11/11      EV: 11    Int: 12    God:
Gold:   262        SH:  5    Dex: 16    Spells: 9/9 levels left

rFire   . . .      SeeInvis .   a - +4 falchion
rCold   . . .      Faith    .   c - +0 buckler
rNeg    . . .      Spirit   .   e - +2 ring mail {rPois}
rPois   +          Reflect  .   i - +0 helmet
rElec   .          Harm     .   (no cloak)
rCorr   .          Rampage  .   (no gloves)
Will    +....                   (no boots)
Stlth   +.........              A - amulet of the acrobat
HPRegen 0.21/turn               (no ring)
MPRegen 0.12/turn               (no ring)

@: glowing
A: sense surroundings 1, otherworldly, glowing, explore regen
a: no special abilities


You were on level 5 of the Dungeon.
You visited 1 branch of the dungeon, and saw 6 of its levels.

You collected 262 gold pieces.

Inventory:

Hand Weapons
 a - a +4 falchion (weapon)
 b - a +1 dagger of venom
Armour
 c - a +0 buckler (worn)
 e - a +2 ring mail of poison resistance (worn)
 i - a +0 helmet (worn)
Jewellery
 A - an amulet of the acrobat (around neck)
Wands
 p - a wand of flame (18)
Scrolls
 g - a scroll of magic mapping
 m - a scroll of teleportation
Potions
 d - 2 potions of curing {unknown}
 f - 3 potions of might
 h - 4 potions of lignification
 j - 2 potions of brilliance {unknown}
 k - a potion of haste {unknown}
 l - 2 potions of flight {unknown}
 n - 2 potions of attraction {unknown}
 o - a potion of berserk rage {unknown}


   Skills:
 + Level 5.4 Fighting
 + Level 7.5 Long Blades
 - Level 3.6 Axes
 - Level 1.2 Throwing
 + Level 1.9 Armour
 + Level 2.4 Dodging
 - Level 4.0 Shields
 - Level 1.3 Spellcasting


You had 9 spell levels left.
You didn't know any spells.
Your spell library contained the following spells:

 Spells                   Type           Power      Damage    Failure   Level
 Foxfire                  Conj/Fire      0%         2x1d4     58%         1
 Summon Small Mammal      Summ           0%         N/A       58%         1
 Scorch                   Fire           0%         2d5       73%         2
 Call Canine Familiar     Summ           0%         N/A       91%         3
 Conjure Flame            Conj/Fire      0%         6-21      91%         3
 Ignite Poison            Fire/Tmut/Pois 0%         N/A       91%         3
 Inner Flame              Hex/Fire       0%         N/A       91%         3
 Mephitic Cloud           Conj/Pois/Air  0%         N/A       91%         3
 Summon Guardian Golem    Hex/Summ       0%         N/A       91%         3
 Flame Wave               Conj/Fire      0%         2d4       100%        4
 Passage of Golubria      Tloc           0%         N/A       100%        4
 Freezing Cloud           Conj/Ice/Air   0%         6-21      100%        5
 Silence                  Hex/Air        0%         N/A       100%        5
 Summon Cactus Giant      Summ           0%         N/A       100%        6
 Lehudib's Crystal Spear  Conj/Erth      0%         10d2      100%        8


Dungeon Overview and Level Annotations

Branches:
Dungeon (6/15)
 Temple: D:4-7

Altars:
Zin

Shops:
D:4 :

Annotations:
D:3 2 transporters, Flippered's ghost, amateur DrCj


Innate Abilities, Weirdness & Mutations

You passively map a small area around you.
You are easily found by Zot.
You glow in the dark.
You regain HP and MP as you explore.


Message History

You slash the gnoll!
The gnoll is severely wounded.
The hound bites you.
* * * LOW HITPOINT WARNING * * *
The gnoll hits you with a +0 whip!
* * * LOW HITPOINT WARNING * * *
You block the hound's attack.
You hit the gnoll but do no damage.
The gnoll is severely wounded.
The gnoll hits you but does no damage. The hound barely misses you.
Okay, then.
Unknown command.
You slash the gnoll!
You kill the gnoll!
You block the hound's attack.
You closely miss the hound.
The hound is moderately wounded.
The hound bites you.
* * * LOW HITPOINT WARNING * * *
The hound bites you but does no damage.
You closely miss the hound.
The hound is moderately wounded.
The hound bites you.
* * * LOW HITPOINT WARNING * * *
You barely miss the hound.
The hound is moderately wounded.
The hound bites you but does no damage. The hound closely misses you.
You hit the hound.
The hound is heavily wounded.
The hound closely misses you. The hound bites you.
* * * LOW HITPOINT WARNING * * *
You barely miss the hound.
The hound is heavily wounded.
The hound misses you.
You slash the hound!
The hound is almost dead.
The hound bites you.
* * * LOW HITPOINT WARNING * * *
The hound bites you.
You die...

#..# #.#........
#..# #.#........
#..# #.#.......[
#.†# #.#........
###..####.#.#......
#..................
#....##########.#^#
#h...# #.......#.#
#.@).# #.........#
#....# ###########
#....# #.........
####.# #.######.<
#.# #.######)# *.#
#.##...#.< *,#
#......... *,*
####...... *,*
####...


You could see a hound.

Vanquished Creatures
  2 black bears
  An ogre (D:5)
  A phantom (D:4)
  4 scorpions
  A hound (D:4)
  An orc priest (D:3)
  An iguana (D:4)
  3 gnolls
  5 adders
  A white imp (D:5)
  An ufetubus (D:4)
  4 worms (D:2)
  2 dart slugs (D:1)
  6 orcs
  10 endoplasms
  8 giant cockroaches
  10 goblins
  3 hobgoblins
  5 jackals
  3 quokkas
  5 ball pythons
  7 bats
  3 frilled lizards
  6 kobolds
  5 rats
98 creatures vanquished.

Vanquished Creatures (others)
  3 demonic plants (D:1)
3 creatures vanquished.

Grand Total: 101 creatures vanquished

Notes
Turn   | Place    | Note
-------+----------+-------------------------------------------
     0 | D:1      | Armakuni the Meteoran Wanderer began the quest for the Orb.
     0 | D:1      | Armakuni set off with the following items: a +2 falchion, a
                  | +0 hand axe, a +0 buckler, a +0 leather armour
     0 | D:1      | Reached XP level 1. HP: 14/14 MP: 3/3
    80 | D:1      | Reached XP level 2. HP: 12/22 MP: 5/5
   137 | D:1      | Reached skill level 1 in Fighting
   244 | D:2      | Reached skill level 3 in Long Blades
   273 | D:1      | Found a faded altar of an unknown god.
   289 | D:1      | Reached XP level 3. HP: 24/28 MP: 6/6
   560 | D:1      | Reached XP level 4. HP: 35/36 MP: 7/7
   874 | D:2      | Reached XP level 5. HP: 36/42 MP: 8/8
  1387 | D:3      | Found a transporter.
  1390 | D:3      | Noticed an ogre
  1390 | D:3      | Noticed Flippered's ghost (amateur DrCj)
  1392 | D:3      | Identified the +5 giant club of the Filigreed God {spect,
                  | Will++ Int+4}
  1392 | D:3      | Noticed an ogre
  1392 | D:3      | Noticed an ogre
  1399 | D:3      | Found a transporter.
  1453 | D:3      | Reached skill level 4 in Long Blades
  1522 | D:3      | Found a glowing silver altar of Zin.
  1804 | D:5      | Entered Level 5 of the Dungeon
  1835 | D:4      | Found Heilulek's Book Shop.
  1965 | D:4      | Reached XP level 6. HP: 51/51 MP: 9/9
  2012 | D:4      | Reached skill level 5 in Long Blades
  2039 | D:4      | Reached XP level 7. HP: 37/59 MP: 10/10
  2416 | D:4      | Reached skill level 5 in Fighting
  2416 | D:4      | Reached skill level 6 in Long Blades
  2481 | D:5      | Reached skill level 7 in Long Blades
  2481 | D:5      | Reached XP level 8. HP: 59/68 MP: 11/11
  2815 | D:5      | Reached skill level 1 in Armour
  2901 | D:5      | HP: 2/69 [hound (2)]
  2901 | D:5      | Slain by a hound

Illustrated notes

Levels and vault maps discovered:
D:1:      lightli_arrival_boilingwater, layout_loops_ring,
          shapermc_ecumenical_altar_gd
D:2:      layout_rooms, kennysheep_pointless_box, minmay_pentomino_x4
D:3:      layout_rooms, zin_scriptorium, gammafunk_ghost_smash,
          minmay_statues_item, kennysheep_cluttered_room
D:4:      layout_loops_ring, serial_shops, shop
D:5:      layout_basic, hangedman_abyss_or_decor_jellyfish_corner
D:6:      layout_layer_cave, grunt_temple_overflow_open, serial_shops,
          nicolae_shop_temple_entry_statues_fountains, uniq_sigmund

Skill      XL: |  1  2  3  4  5  6  7  8 |
---------------+-------------------------+-----
Fighting       | 1 2 3 4 5 |  5.4
Long Blades    | 3 4 5 7 |  7.5
Shields        | 3 4 |  4.0
Armour         | 1 |  1.9
Dodging        | 2 |  2.4
Axes           | |  3.6
Throwing       | |  1.2
Spellcasting   | |  1.3

Action                   |  1- 3 |  4- 6 |  7- 9 || total
-------------------------+-------+-------+-------++-------
Melee: Falchion          |    74 |   174 |    94 ||   342
  Use: Scroll            |     1 |     9 |     1 ||    11
       Potion            |       |       |     2 ||     2
Armor: Leather armour    |     8 |       |       ||     8
       Ring mail         |    23 |    78 |    37 ||   138
Dodge: Dodged            |    32 |    86 |    40 ||   158
Block: Buckler           |    13 |    52 |    26 ||    91

Table legend: (Time is in decaauts)
 A = Elapsed time spent in this place.
 B = Non-inter-level travel time spent in this place.
 C = Inter-level travel time spent in this place.
 D = Time resting spent in this place.
 E = Time spent auto-exploring this place.
 F = Levels seen in this place.
 G = Mean time per level.
                   A        B        C        D        E       F      G
               +--------+--------+--------+--------+--------+-----+--------+
         Total |   2949 |   2771 |    178 |    100 |   1583 |   6 |  491.5 |
       Dungeon |   2949 |   2771 |    178 |    100 |   1583 |   6 |  491.5 |
               +--------+--------+--------+--------+--------+-----+--------+

Top non-repeatable levels by time:
     D:1: 737 daAuts
     D:4: 735 daAuts
     D:3: 547 daAuts
     D:2: 494 daAuts
     D:5: 411 daAuts
     D:6: 24 daAuts
